 Dungeon Crawl Stone Soup version 0.30-a0-591-g3c58d2bc28 (webtiles) character file.

Game seed: 10455312597213220530

1693 anonymousknight the Gusty (level 8, -12/63 HPs)
             Began as a Black Draconian Air Elementalist on Jan 3, 2023.
             Mangled by an ogre
             ... wielding a +0 giant spiked club
              (23 damage)
             ... on level 7 of the Dungeon on Jan 4, 2023.
             The game lasted 00:54:15 (5636 turns).

anonymousknight the Gusty (DrAE)                    Turns: 5636, Time: 00:54:16

Health: -12/63     AC:  8    Str: 11    XL:     8   Next: 72%
Magic:  13/15      EV: 13    Int: 17    God:
Gold:   231        SH:  0    Dex: 12    Spells: 1/16 levels left

rFire   . . .      SeeInvis .    j - +4 dire flail (protect)
rCold   . . .      Faith    .    (shield currently unavailable)
rNeg    . . .      Spirit   .    (body armour unavailable)
rPois   .          Reflect  .    w - +1 hat
rElec   +          Harm     .    (no cloak)
rCorr   .          Rampage  .    (no gloves)
Will    .....                    k - +0 pair of boots
Stlth   +++                      (no amulet)
HPRegen 0.30/turn                (no ring)
MPRegen 0.14/turn                (no ring)

@: lethally poisoned (-12 -> -17)
A: breathe lightning, AC +6, unfitting armour, electricity resistance,
cold-blooded
a: Breathe Lightning


You were on level 7 of the Dungeon.
You visited 1 branch of the dungeon, and saw 7 of its levels.

You collected 231 gold pieces.

Inventory:

Hand Weapons
 i - a +0 whip of venom
 j - a +4 dire flail of protection (weapon)
 t - a +2 glaive of holy wrath
Armour
 k - a +0 pair of boots (worn)
 w - a +1 hat (worn)
Wands
 s - a wand of acid (8)
 u - a wand of paralysis (5)
Scrolls
 b - a scroll of identify
 h - 2 scrolls of vulnerability {unknown}
 l - a scroll of poison {unknown}
 n - a scroll of blinking {unknown}
 p - a scroll of fog {unknown}
 r - a scroll of amnesia {unknown}
 v - a scroll of magic mapping {unknown}
 x - 2 scrolls of teleportation {unknown}
 y - a scroll of silence {unknown}
Potions
 a - a potion of magic
 c - a potion of haste {unknown}
 d - a potion of lignification {unknown}
 e - a potion of heal wounds {unknown}
 f - a potion of attraction {unknown}
 g - 2 potions of mutation {unknown}
 m - a potion of brilliance {unknown}
 o - a potion of invisibility {unknown}
 q - 2 potions of flight
 z - a potion of ambrosia {unknown}
 A - a potion of resistance {unknown}
 B - a potion of curing {unknown}


   Skills:
 - Level 3.0 Fighting
 + Level 4.8 Dodging
 + Level 5.1 Stealth
 + Level 4.8 Spellcasting
 + Level 4.2 Conjurations
 + Level 7.0 Air Magic


You had one spell level left.
You knew the following spells:

 Your Spells              Type           Power      Damage    Failure   Level
a - Shock                 Conj/Air       92%        1d8       1%          1
b - Static Discharge      Conj/Air       46%        2-4/arc   2%          2
c - Swiftness             Air            28%        N/A       2%          3
d - Airstrike             Air            14%        2d(2-18)  9%          4
e - Lightning Bolt        Conj/Air       11%        1d24      36%         5

Your spell library contained the following spells:

 Spells                   Type           Power      Damage    Failure   Level
 Ignite Poison            Fire/Tmut/Pois 4%         N/A       41%         3
 Sticky Flame             Conj/Fire      11%        2d3       52%         4
 Summon Cactus Giant      Summ           2%         N/A       100%        6
 Ignition                 Fire           2%         3d3       100%        8
 Animate Armour           Summ/Erth      Unusable   N/A       N/A         4

Dungeon Overview and Level Annotations

Branches:
Dungeon (7/15)
 Temple: D:4-7

Altars:
Kikubaaqudgha

Annotations:
D:6 3 runed translucent doors, bande's ghost, novice GrFi


Innate Abilities, Weirdness & Mutations

You can breathe wild blasts of lightning.
Your glossy black scales are hard. (AC +6)
You cannot fit into any form of body armour.
You are resistant to electric shocks. (rElec)
You are cold-blooded and may be slowed by cold attacks.


Message History

The water moccasin is almost dead.
The water moccasin closely misses you.
The sky beast hits you but does no damage.
The water moccasin bites you but does no damage.
The sky beast completely misses you.
You hit the water moccasin.
The water moccasin is almost dead.
The water moccasin barely misses you. The sky beast closely misses you.
The water moccasin bites you but does no damage.
You miss the water moccasin.
You tail-slap the water moccasin, but do no damage.
The water moccasin is almost dead.
The water moccasin bites you.
The sky beast hits you but does no damage.
The water moccasin barely misses you.
Aiming: Shock (safe; 1% risk of failure)
Press: ? - help, Q - select action, (/) - cycle Shift-Dir - straight line, f/p - water moccasin
Aim: a water moccasin (almost dead, 57% to hit)
The zap hits the water moccasin.
The water moccasin is almost dead.
The zap hits the ogre!
The ogre is moderately wounded.
The sky beast hits you. The sky beast shocks you. You resist.
The water moccasin bites you!
You are poisoned.
The water moccasin poisons you! Magic courses through your body.
You feel very sick.
The water moccasin bites you but does no damage.
The sky beast hits you but does no damage.
The ogre closely misses you.
Casting: Shock (safe; 1% risk of failure)
Confirm with . or Enter, or press ? or * to list all spells.
The air crackles with electrical energy.
You feel sick.
The water moccasin bites you but does no damage.
The sky beast misses you. The water moccasin bites you!
* * * LOW HITPOINT WARNING * * *
The ogre hits you with a +0 giant spiked club!!
You die...

#........#
#..(.....#
#....>...#
#........#.
#..........
#..........
#..........
#..@Y.~....
<......SO...##.
.#.............
#........#.##.
####.#.... #
......##
........
....##....


You could see a water moccasin, a sky beast and an ogre.

Vanquished Creatures
  Sigmund (D:2)
  Eustachio (D:6)
  A steam dragon (D:7)
  Edmund (D:5)
  3 ice beasts
  2 black bears
  A kobold brigand (D:6)
  A scorpion (D:6)
  2 howler monkeys
  4 hounds
  An orc priest (D:6)
  5 iguanas
  An orc wizard (D:6)
  9 adders
  A white imp (D:6)
  An ufetubus (D:6)
  A dart slug (D:2)
  12 orcs
  10 bats
  4 endoplasms
  5 giant cockroaches
  13 goblins
  6 hobgoblins
  2 jackals (D:3)
  13 kobolds
  3 quokkas (D:1)
  5 frilled lizards
  2 rats (D:3)
111 creatures vanquished.

Notes
Turn   | Place    | Note
-------+----------+-------------------------------------------
     0 | D:1      | anonymousknight the Draconian Air Elementalist began the
                  | quest for the Orb.
     0 | D:1      | Reached XP level 1. HP: 14/14 MP: 3/3
   212 | D:1      | Reached XP level 2. HP: 20/20 MP: 3/5
   245 | D:1      | Learned a level 2 spell: Static Discharge
   687 | D:1      | Reached XP level 3. HP: 21/27 MP: 3/6
   794 | D:2      | Noticed Sigmund
  1005 | D:2      | Reached skill level 1 in Fighting
  1138 | D:2      | Reached XP level 4. HP: 35/35 MP: 4/7
  1263 | D:2      | Learned a level 3 spell: Swiftness
  1263 | D:2      | Upgraded the game from 0.30-a0-586-g23e55c9e0a to
                  | 0.30-a0-591-g3c58d2bc28
  1672 | D:2      | Killed Sigmund
  1673 | D:2      | Reached XP level 5. HP: 27/42 MP: 2/9
  1742 | D:2      | Learned a level 4 spell: Airstrike
  1895 | D:3      | Reached skill level 4 in Air Magic
  2064 | D:3      | Reached XP level 6. HP: 50/50 MP: 7/10
  3374 | D:4      | Got the Catalogue of Thunder and Rallying
  3614 | D:5      | Entered Level 5 of the Dungeon
  3628 | D:5      | Noticed an ice beast
  3673 | D:5      | Killed an ice beast
  3674 | D:5      | Your scales start taking on a glossy black colour.
  3674 | D:5      | Reached skill level 5 in Air Magic
  3674 | D:5      | Reached XP level 7. HP: 44/57 MP: 4/12
  3674 | D:5      | Gained mutation: You are resistant to electric shocks.
                  | (rElec) [Black Draconian growth]
  3751 | D:5      | Noticed Edmund
  3783 | D:5      | Killed Edmund
  4539 | D:6      | Reached skill level 6 in Air Magic
  4670 | D:6      | Found a runed translucent gate.
  4670 | D:6      | Found a runed translucent gate.
  4670 | D:6      | Found a runed translucent gate.
  4701 | D:6      | Noticed bande's ghost (novice GrFi)
  4789 | D:6      | Reached XP level 8. HP: 54/63 MP: 10/14
  4851 | D:6      | Learned a level 5 spell: Lightning Bolt
  5285 | D:6      | Found an ancient bone altar of Kikubaaqudgha.
  5352 | D:6      | Noticed Eustachio
  5378 | D:6      | Killed Eustachio
  5613 | D:7      | Reached skill level 5 in Stealth
  5616 | D:7      | Reached skill level 7 in Air Magic
  5636 | D:7      | Mangled by an ogre

Illustrated notes

Levels and vault maps discovered:
D:1:      roderic_crossed_star, layout_loops_cross
D:2:      layout_rooms, uniq_sigmund
D:3:      layout_rooms, serial_co_window_serial, co_window_corner_a,
          co_window_of_opportunity_a, co_window_of_opportunity_a,
          co_window_paths_b, co_window_of_opportunity_a, co_window_corner_a,
          co_window_of_opportunity_a, co_window_paths_a, co_window_paths_a,
          co_window_broadway_b, co_window_corner_b, co_window_paths_c,
          co_window_paths_d, co_window_sun, glass_columns_b
D:4:      layout_basic
D:5:      layout_basic, uniq_edmund
D:6:      layout_cave_pods, mainiacjoe_overflow_tiny_flanked,
          gammafunk_ghost_icy, uniq_eustachio
D:7:      minmay_the_grid_four_pointed_star
          [minmay_the_grid_triangle_9x9_thin_v,
          minmay_the_grid_triangle_9x9_pentomino_pain,
          minmay_the_grid_triangle_9x9_checkered,
          minmay_the_grid_triangle_9x9_longest,
          minmay_the_grid_prize_shrinking_boxes], layout_rooms,
          minmay_temple_entry_crystal_x

Skill      XL: |  1  2  3  4  5  6  7  8 |
---------------+-------------------------+-----
Dodging        | 2 3 4 |  4.8
Stealth        | 2 3 4 5 |  5.1
Fighting       | 1 2 3 |  3.0
Spellcasting   | 3 4 |  4.8
Air Magic      | 4 5 6 7 |  7.0
Conjurations   | 2 3 4 |  4.2

Action                   |  1- 3 |  4- 6 |  7- 9 || total
-------------------------+-------+-------+-------++-------
Melee: Club              |    21 |       |       ||    21
       Dagger            |     3 |       |       ||     3
       Spear             |     3 |       |       ||     3
       Whip              |    15 |    63 |     4 ||    82
       Tailslap          |       |     8 |     5 ||    13
       Dire flail        |       |       |    55 ||    55
 Cast: Shock             |    55 |   110 |    82 ||   247
       Static Discharge  |     1 |     1 |     2 ||     4
       Swiftness         |       |     1 |     1 ||     2
       Airstrike         |       |     1 |     6 ||     7
 Abil: Breathe Lightning |       |       |     1 ||     1
  Use: Scroll            |       |       |     3 ||     3
       Potion            |       |       |     1 ||     1
Armor: Skin              |    18 |    30 |    37 ||    85
Dodge: Dodged            |    48 |    71 |    59 ||   178

Table legend: (Time is in decaauts)
 A = Elapsed time spent in this place.
 B = Non-inter-level travel time spent in this place.
 C = Inter-level travel time spent in this place.
 D = Time resting spent in this place.
 E = Time spent auto-exploring this place.
 F = Levels seen in this place.
 G = Mean time per level.
                   A        B        C        D        E       F      G
               +--------+--------+--------+--------+--------+-----+--------+
         Total |   5667 |   2859 |   2808 |   1813 |      0 |   7 |  809.6 |
       Dungeon |   5667 |   2859 |   2808 |   1813 |      0 |   7 |  809.6 |
               +--------+--------+--------+--------+--------+-----+--------+

Top non-repeatable levels by time:
     D:6: 1191 daAuts
     D:1: 1001 daAuts
     D:3: 983 daAuts
     D:4: 858 daAuts
     D:5: 810 daAuts
     D:2: 786 daAuts
     D:7: 36 daAuts
